Map: Snowy Mesa

Players

TheLaw - Winner!

  • Race: Terran Terran
  • League: Diamond
  • Spawn Location: 6:00

TheVoid - Winner!

  • Race: Protoss Protoss
  • League: Platinum
  • Spawn Location: 6:00

Yata

  • Race: Zerg Zerg
  • League: Silver
  • Spawn Location: 12:00

Myhome

  • Race: Terran Terran
  • League: Diamond
  • Spawn Location: 12:00

VOD

Have the link to the VOD?

Description

Time

  • Played on: Aug. 26, 2017, 10:47 p.m.
  • Length: 11:15
Show
View Real Time Build Order
Export as new Build Order

TheLaw Terran - Winner!

Build Orders: Reaper Expand, MMM Bio 

Get SALT Encoding   

  12  0:01  SCV  
  13  0:13  SCV  
  14  0:17  Supply Depot  
  14  0:25  SCV  
  15  0:39  SCV  
  15  0:40  Barracks  
  16  0:45  Refinery  
  16  0:51  SCV  
  17  1:03  SCV  
  18  1:15  SCV  
  19  1:28  Reaper  
  19  1:31  Orbital Command  
  20  1:40  Command Center  
  20  1:53  Barracks  
  20  1:56  SCV  
  21  2:07  Barracks Reactor  
  21  2:12  Refinery, SCV  
  21  2:13  Supply Depot  
  22  2:24  SCV  
  23  2:36  SCV  
  24  2:45  Factory  
  24  2:49  SCV  
  24  2:51  Barracks Tech Lab  
  25  2:55  Orbital Command  
  25  2:56  Marine x2  
  27  3:00  Bunker  
  27  3:07  SCV  
  28  3:13  Stimpack  
  28  3:19  SCV  
  29  3:22  SCV  
  30  3:31  SCV  
  30  3:32  Factory Reactor, Starport  
  31  3:34  SCV  
  31  3:40  Marine  
  31  3:41  Marine x2  
  34  3:43  SCV  
  34  3:47  SCV  
  37  3:55  SCV  
  38  3:58  Marine x2  
  40  4:07  SCV x2  
  42  4:10  Refinery  
  42  4:14  Marine  
  42  4:16  Marine x2  
  45  4:19  SCV  
  45  4:21  Factory Tech Lab  
  45  4:22  Supply Depot  
  46  4:43  Medivac x2, Marine x2  
  52  4:46  Marine  
  52  4:52  Supply Depot  
  53  4:53  Engineering Bay x2  
  53  4:54  SCV  
  53  4:55  Supply Depot  
  54  5:03  Refinery  
  54  5:04  Supply Depot  
  54  5:05  Supply Depot  
  54  5:13  Siege Tank, Medivac, SCV x2, Marine  
  62  5:24  Terran Infantry Weapons Level 1  
  62  5:25  SCV x2  
  62  5:26  Marine x2  
  66  5:31  Marine  
  66  5:33  Combat Shields  
  67  5:40  SCV x2  
  67  5:41  Command Center  
  69  5:44  Marine  
  69  5:47  Marine, Siege Tank  
  69  5:49  Marine  
  75  5:57  Terran Infantry Armor Level 1  
  75  6:01  Marine  
  76  6:05  Marine  
  76  6:06  Marine  
  76  6:09  Medivac  
  76  6:10  Barracks  
  76  6:11  Barracks  
  80  6:35  Marine x2  
  80  6:36  Siege Tank, Marine  
  80  6:37  Medivac  
  88  6:41  SCV x2  
  90  6:50  Missile Turret  
  90  6:57  Orbital Command  
  90  7:05  Marine x2  
  90  7:07  Barracks Reactor  
  90  7:08  Barracks Reactor, Medivac x2  
  92  7:10  Marine  
  97  7:23  Marine x2  
  97  7:28  Marine  
  100  7:41  Marine x2  
  102  7:46  Marine  
  103  7:58  Marine  
  103  7:59  Marine  
  103  8:01  Marine  
  103  8:02  Siege Tank  
  103  8:04  Marine  
  108  8:09  SCV  
  109  8:26  Liberator x2  
  109  8:40  Supply Depot x4  
  109  8:43  Siege Tank  
  118  8:50  Orbital Command  
  118  9:08  Liberator  
  118  9:15  Siege Tank  
  118  9:16  Missile Turret  
  121  9:23  Refinery  
  121  9:26  Refinery  
  124  9:34  Marine x6  
  124  9:36  SCV  
  131  9:47  Siege Tank  
  131  9:59  Marine x2  
  126  10:04  Armory, Marine x2  
  126  10:05  Marine x2  
Show
View Real Time Build Order
Export as new Build Order

TheVoid Protoss - Winner!

Build Orders: 1 Gate Expand, Oracle Opening 

Get SALT Encoding   

  12  0:01  Probe (Chrono Boost)  
  13  0:12  Probe (Chrono Boost)  
  14  0:19  Pylon  
  14  0:23  Probe (Chrono Boost)  
  15  0:37  Probe (Chrono Boost)  
  15  0:40  Gateway  
  16  0:49  Probe (Chrono Boost)  
  17  0:51  Assimilator  
  17  0:59  Probe (Chrono Boost)  
  18  1:10  Probe (Chrono Boost)  
  19  1:27  Nexus  
  19  1:34  Cybernetics Core  
  19  1:35  Probe (Chrono Boost)  
  20  1:46  Pylon  
  20  1:48  Probe (Chrono Boost)  
  20  1:53  Assimilator  
  22  2:01  Probe (Chrono Boost)  
  22  2:12  Stargate  
  22  2:19  Probe (Chrono Boost)  
  23  2:32  Probe (Chrono Boost)  
  24  2:41  Gateway  
  24  2:43  Probe (Chrono Boost)  
  25  2:48  Probe (Chrono Boost)  
  26  2:51  Warp Gate  
  26  2:53  Probe (Chrono Boost)  
  26  2:55  Oracle (Chrono Boost)  
  26  2:57  Probe  
  30  3:04  Probe  
  32  3:08  Probe  
  32  3:09  Adept  
  35  3:16  Probe  
  35  3:18  Probe  
  35  3:19  Pylon  
  40  3:27  Oracle (Chrono Boost)  
  40  3:34  Probe  
  40  3:35  Probe  
  40  3:39  Adept  
  44  3:45  Probe  
  44  3:48  Probe  
  46  4:10  Probe  
  46  4:12  Probe  
  46  4:15  Pylon  
  48  4:19  Pylon  
  48  4:21  Probe  
  49  4:24  Probe  
  49  4:33  Phoenix (Chrono Boost)  
  51  4:40  Probe  
  51  4:42  Probe  
  53  4:51  Probe  
  53  4:54  Probe  
  53  4:55  Phoenix (Chrono Boost)  
  57  5:00  Gateway  
  57  5:01  Probe  
  57  5:04  Gateway  
  57  5:06  Probe  
  59  5:07  Gateway  
  59  5:09  Gateway  
  59  5:12  Gateway  
  59  5:14  Twilight Council  
  59  5:15  Pylon, Assimilator  
  59  5:16  Phoenix (Chrono Boost)  
  59  5:18  Forge  
  59  5:21  Assimilator  
  61  5:22  Forge  
  61  5:25  Pylon  
  61  5:33  Adept x2  
  65  5:44  Protoss Ground Weapons Level 1  
  65  5:59  Protoss Ground Armor Level 1  
  65  6:01  Resonating Glaives  
  65  6:16  Adept x2  
  69  6:32  Phoenix  
  71  6:38  Stargate  
  71  6:43  Adept  
  71  6:44  Adept x4  
  71  6:45  Adept  
  78  6:57  Phoenix  
  80  7:11  Probe  
  81  7:22  Phoenix  
  83  7:26  Phoenix  
  85  7:33  Protoss Ground Weapons Level 2  
  85  7:46  Pylon  
  85  7:49  Protoss Air Weapons Level 1  
  85  8:02  Assimilator  
  85  8:04  Phoenix  
  87  8:07  Assimilator  
  87  8:09  Pylon  
  87  8:12  Pylon  
  87  8:15  Nexus  
  87  8:17  Adept x3  
  93  8:28  Pylon  
  93  8:30  Phoenix x2  
  93  8:32  Pylon  
  97  8:36  Pylon  
  97  8:38  Probe  
  97  8:39  Probe  
  96  8:50  Probe  
  96  8:51  Probe  
  98  9:03  Probe x2  
  98  9:07  Adept x6  
  98  9:08  Adept  
  114  9:15  Probe x2  
  116  9:27  Probe x2  
  118  9:32  Adept x2  
  118  9:33  Adept x5  
  118  9:34  Probe  
  133  9:39  Probe x2  
  133  9:44  Probe  
  135  9:51  Probe  
  135  9:52  Probe  
  138  9:55  Probe  
  139  10:03  Probe  
  139  10:04  Probe  
  139  10:05  Probe  
  136  10:29  Cybernetics Core  
  136  10:31  Pylon  
  136  10:33  Gateway  
  136  10:34  Gateway  
  136  10:35  Gateway  
  136  10:40  Dark Shrine  
  136  10:54  Nexus  
  136  10:55  Pylon  
  136  11:00  Pylon  
Show
View Real Time Build Order
Export as new Build Order

Yata Zerg 

Build Orders: Hatch First, Swarm Host 

Get SALT Encoding   

  12  0:05  Drone  
  13  0:08  Drone  
  14  0:17  Overlord  
  15  0:35  Drone x2  
  15  0:37  Drone  
  17  0:58  Hatchery  
  17  0:59  Drone  
  17  1:01  Drone  
  18  1:10  Drone  
  19  1:14  Extractor  
  19  1:18  Spawning Pool  
  17  1:20  Drone  
  18  1:31  Drone  
  19  1:43  Overlord  
  19  1:52  Drone  
  20  2:07  Queen  
  22  2:11  Queen  
  22  2:12  Zergling x4  
  26  2:16  Metabolic Boost  
  25  2:36  Drone x5  
  30  2:50  Drone x2  
  32  2:53  Drone  
  33  3:05  Extractor, Drone x2  
  34  3:09  Drone  
  35  3:15  Overlord  
  35  3:16  Overlord  
  35  3:23  Pneumatized Carapace  
  35  3:25  Drone  
  36  3:35  Drone x3  
  36  3:36  Drone x3  
  42  3:45  Zergling x2  
  43  3:49  Queen  
  45  4:22  Spore Crawler  
  44  4:25  Spore Crawler  
  43  4:35  Zergling x2  
  43  4:37  Overlord x2  
  43  4:38  Overlord x2  
  44  4:55  Zergling x2, Queen  
  44  4:56  Zergling x16  
  55  5:30  Roach Warren  
  55  5:31  Queen  
  56  6:03  Zergling x2  
  56  6:04  Zergling x22  
  63  6:07  Hatchery  
  67  6:11  Evolution Chamber  
  67  6:13  Extractor  
  67  6:14  Extractor, Drone x4  
  67  6:19  Lair  
  67  6:22  Queen  
  57  6:37  Zerg Missile Weapons Level 1  
  57  6:38  Roach  
  57  6:39  Roach x4  
  67  6:41  Overlord  
  62  7:02  Roach  
  62  7:03  Roach x5  
  74  7:20  Infestation Pit  
  74  7:22  Drone x3  
  76  7:23  Drone x5  
  81  7:50  Overlord x3  
  81  7:51  Queen  
  76  8:02  Swarm Host x2  
  82  8:09  Swarm Host x8  
  106  8:17  Nydus Network  
  105  8:22  Overlord x4  
  105  8:40  Queen  
  107  8:45  Roach  
  107  8:46  Roach x6  
  121  8:56  Roach  
  121  8:57  Roach  
  125  9:13  Roach x2  
  129  9:24  Nydus Canal  
  129  9:33  Overlord x2  
  129  9:34  Overlord x6  
  129  9:35  Overlord x2  
  81  10:24  Roach x7  
  81  10:25  Roach x6  
  97  10:39  Roach x2  
  97  10:54  Roach x2  
Show
View Real Time Build Order
Export as new Build Order

Myhome Terran 

Build Orders: Reaper Expand 

Get SALT Encoding   

  12  0:01  SCV  
  13  0:13  SCV  
  14  0:18  Supply Depot  
  14  0:25  SCV  
  15  0:39  SCV  
  15  0:40  Barracks  
  16  0:46  Refinery  
  16  0:55  SCV  
  17  1:07  SCV  
  18  1:19  SCV  
  19  1:29  Reaper  
  20  1:41  Orbital Command  
  20  1:48  Command Center  
  19  2:11  SCV  
  19  2:12  Barracks Tech Lab  
  19  2:13  Barracks Reactor  
  20  2:17  Barracks  
  20  2:23  SCV  
  20  2:27  Factory  
  21  2:31  Refinery  
  21  2:50  SCV  
  22  2:52  Marine  
  23  2:59  Marine  
  23  3:00  Supply Depot  
  23  3:03  Orbital Command  
  23  3:05  SCV  
  25  3:09  Barracks Tech Lab  
  25  3:15  Barracks  
  25  3:18  Marine x2  
  27  3:25  SCV  
  28  3:32  Marine, Stimpack  
  29  3:34  Factory Tech Lab  
  29  3:36  Marine  
  30  3:42  Starport  
  30  3:48  Marine  
  31  3:50  Marine  
  31  3:53  SCV  
  27  4:08  Engineering Bay  
  25  4:17  Marine  
  26  4:44  Marine x2  
  26  4:45  Marine x2, Missile Turret  
  30  4:47  Missile Turret  
  30  4:49  SCV  
  19  5:03  SCV  
  19  5:04  SCV  
  21  5:10  Marine x4  
  25  5:15  SCV  
  25  5:19  SCV  
  27  5:23  Medivac  
  27  5:28  Marine x2, SCV  
  31  5:31  SCV  
  31  5:33  Command Center  
  33  5:44  Marine x2  
  33  5:45  SCV  
  33  5:46  Marine  
  36  5:55  Marine  
  37  5:58  SCV  
  37  6:00  SCV  
  37  6:02  Marine  
  40  6:09  Marine x2  
  40  6:11  SCV  
  43  6:17  SCV  
  44  6:23  SCV  
  45  6:29  SCV  
  46  6:42  Marine x4  
  50  7:00  Marine x4  
  44  7:09  SCV x2  
  46  7:17  Supply Depot  
  46  7:18  Marine x4  
  48  7:36  Marine x3  
  51  7:54  Marine x3  
  54  8:02  Orbital Command  
  54  8:11  Marine x3  
  54  8:12  SCV x2  
  59  8:21  Medivac  
  61  8:29  Marine x3  
  61  8:30  SCV x3  
  67  8:47  Marine  
  68  8:51  Marine  
  68  8:54  Orbital Command  
  69  9:11  Supply Depot  
  69  9:13  Supply Depot  
  69  9:27  SCV  
  69  9:33  SCV, Marine x2  
  73  9:39  Barracks Tech Lab  
  72  9:50  Marine  
  36  10:00  Marine x2  
  36  10:03  SCV x3  
  35  10:08  Marine  
  32  10:24  SCV  
  32  10:25  SCV x2  
  34  10:40  SCV  
  34  10:41  SCV x2  
  35  10:48  Marine x3  
  37  10:57  Barracks  
  37  10:58  Barracks x2  
  37  11:00  Barracks  
  37  11:02  Barracks  
  37  11:04  Barracks  
Tags
 
Add a new tag
Caveats
  • Supply blocks, unpowered buildings, or Contaminate may cause inaccurate times.
  • Supply counts are checked every 10 seconds.